 Dungeon Crawl Stone Soup version 0.22-a0-271-gc000056 (webtiles) character file.

182 neds the Insei (level 5, -1/40 HPs)
             Began as a Draconian Transmuter on Mar 10, 2018.
             Succumbed to Ijyb's poison
             ... on level 4 of the Dungeon.
             The game lasted 00:22:25 (5753 turns).

neds the Insei (Draconian Transmuter)               Turns: 5753, Time: 00:22:25

Health: -1/40      AC:  6    Str: 12    XL:     5   Next: 35%
Magic:  9/9        EV: 12    Int: 13    God:
Gold:   116        SH:  0    Dex: 13    Spells: 4/10 levels left

rFire    . . .     SeeInvis .   d - +0 club
rCold    . . .     Gourm    .   (no shield)
rNeg     . . .     Faith    .   (armour unavailable)
rPois    .         Spirit   .   (helmet restricted)
rElec    .         Reflect  .   (no cloak)
rCorr    .         Harm     .   (no gloves)
MR       .....                  n - +0 pair of boots
Stlth    +.........             (no amulet)
HPRegen  0.13/turn              (no ring)
MPRegen  0.11/turn              (no ring)

@: lethally poisoned (-1 -> -48), appendage (expiring)
A: unfitting armour, horns 2, cold-blooded, AC +5
a: End Transformation


You were on level 4 of the Dungeon.
You were not hungry.
You had grown temporary horns.
You visited 1 branch of the dungeon, and saw 4 of its levels.

You collected 116 gold pieces.

Inventory:

Hand Weapons
 d - a +0 club (weapon)
Missiles
 a - 33 arrows
Armour
 n - a +0 pair of boots (worn)
Magical Staves
 s - an uncursed staff of wizardry {unknown}
Jewellery
 t - an uncursed ring of see invisible {unknown}
 u - an uncursed ring of fire {unknown}
Scrolls
 e - a scroll of amnesia {unknown}
 f - a scroll of teleportation {unknown}
 j - a scroll of enchant armour {unknown}
 k - a scroll of blinking {unknown}
 l - a scroll of enchant weapon {unknown}
 m - 4 scrolls of identify {unknown}
 p - 4 scrolls of remove curse {unknown}
Potions
 b - a potion of might {unknown}
 g - a potion of lignification {unknown}
 h - a potion of heal wounds {unknown}
 i - 2 potions of ambrosia {unknown}
 o - a potion of flight {unknown}
 q - a potion of agility {unknown}
Comestibles
 c - 3 rations
 r - 2 chunks of flesh


   Skills:
 - Level 1.1 Fighting
 + Level 2.4 Maces & Flails
 - Level 1.8 Dodging
 - Level 0.3 Stealth
 - Level 3.5 Unarmed Combat
 + Level 3.1 Spellcasting
 + Level 3.3 Transmutations
 + Level 0.4 Poison Magic


You had 4 spell levels left.
You knew the following spells:

 Your Spells              Type           Power        Failure   Level  Hunger
a - Beastly Appendage     Tmut           ##....       6%          1    #......
b - Spider Form           Tmut/Pois      #.........   30%         3    ###....
c - Sticks to Snakes      Tmut           ##......     9%          2    ##.....


Dungeon Overview and Level Annotations

Branches:
Dungeon (4/15)
 Temple: D:4-7

Altars:
Xom
Zin

Annotations:
D:4 Ijyb


Innate Abilities, Weirdness & Mutations

Your plain brown scales are hard. (AC +5)
You cannot fit into any form of body armour.
You are cold-blooded and may be slowed by cold attacks.
You have a pair of horns on your head.


Message History

You hit Ijyb but do no damage. You headbutt Ijyb!
You tail-slap Ijyb, but do no damage.
Ijyb is moderately wounded.
* * * LOW HITPOINT WARNING * * *
You feel very sick. Ijyb hits you with a dagger of venom.
* * * LOW HITPOINT WARNING * * *
You are more poisoned.
Ijyb barely misses you.
You barely miss Ijyb.
Ijyb is moderately wounded.
* * * LOW HITPOINT WARNING * * *
You feel very sick. Ijyb hits you with a dagger of venom.
* * * LOW HITPOINT WARNING * * *
You are more poisoned.
Ijyb hits you but does no damage.
You hit Ijyb but do no damage.
Ijyb is moderately wounded.
You die...

#...# #.# #...# #.#
#...# #.########## ...#
#.##.......#
#######'####'##.......#
#......>...............
#...............#######
#...............##...#
#.....@.........##$..#
#.....g...##.#####...#
#...?.....##.#####...##
#....>....##.#......?..
#..........#.#.........
#..........#.#.........
#######....#.#.........
#....#.#.........
+....'.#.........


You could see Ijyb (berserk).

Vanquished Creatures
  A bullfrog zombie (D:2)
  An iguana (D:4)
  4 adders
  A worm (D:3)
  2 dart slugs
  A leopard gecko (D:1)
  An orc (D:3)
  4 ball pythons
  7 bats
  9 giant cockroaches
  11 goblins
  8 hobgoblins
  4 jackals (D:2)
  2 quokkas
  5 frilled lizards
  5 kobolds
  9 rats
75 creatures vanquished.

Notes
Turn   | Place    | Note
-------+----------+-------------------------------------------
     0 | D:1      | neds the Draconian Transmuter began the quest for the Orb.
     0 | D:1      | Reached XP level 1. HP: 16/16 MP: 3/3
   337 | D:1      | Reached XP level 2. HP: 22/23 MP: 5/5
  1020 | D:1      | Reached XP level 3. HP: 28/28 MP: 6/6
  1274 | D:2      | Reached skill level 1 in Maces & Flails
  2631 | D:2      | Learned a level 3 spell: Spider Form
  2706 | D:2      | Reached XP level 4. HP: 27/35 MP: 5/8
  2878 | D:2      | Learned a level 2 spell: Sticks to Snakes
  3052 | D:2      | HP: 1/35 [poisoned by an adder]
  3058 | D:2      | HP: 1/35 [poisoned by an adder]
  4589 | D:3      | Reached XP level 5. HP: 38/40 MP: 9/9
  4942 | D:4      | Noticed Ijyb
  5108 | D:4      | Found a shimmering altar of Xom.
  5421 | D:4      | Found a glowing silver altar of Zin.
  5753 | D:4      | Succumbed to Ijyb's poison

Vault maps used:
D:1:      onia_arrival_larder, grunt_decor_fettered, minmay_pentomino_w2
D:3:      first_ration
D:4:      lemuel_crystal_altar, lemuel_crystal_altar, uniq_ijyb

Skill      XL: |  1  2  3  4 |
---------------+-------------+-----
Maces & Flails | 1 2 |  2.4
Transmutations | 3 |  3.3
Spellcasting   | 3 |  3.1
Fighting       | |  1.1
Dodging        | |  1.8
Stealth        | |  0.3
Unarmed Combat | |  3.5
Poison Magic   | |  0.4

Action                   |  1- 3 |  4- 6 || total
-------------------------+-------+-------++-------
Melee: Unarmed           |    27 |       ||    27
       Club              |   182 |   188 ||   370
       Tailslap          |    30 |    21 ||    51
       Punch             |     2 |     3 ||     5
       Headbutt          |     1 |    12 ||    13
 Cast: Beastly Appendage |     3 |     7 ||    10
       Sticks to Snakes  |       |     1 ||     1
  Use: Potion            |     1 |     3 ||     4
 Stab: Sleeping          |     1 |       ||     1
       Distracted        |       |     1 ||     1
  Eat: Chunk             |     6 |     6 ||    12
       Ration            |       |     1 ||     1
Armor: Skin              |    74 |    90 ||   164
Dodge: Dodged            |   140 |   157 ||   297

Table legend:
 A = Spawn XP
 B = Non-spawn XP
 C = Spawn XP percentage of total XP
 D = Spawn monster count
 E = Non-spawn monster count
 F = Spawn count percentage of total count
 G = Total turns spent on level
                    A         B        C        D         E        F      G
               +---------+---------+-------+---------+---------+-------+---------
         Total |       0 |     261 |   0.0 |       0 |      75 |   0.0 |  5753
               +---------+---------+-------+---------+---------+-------+---------
           D:1 |       0 |      45 |   0.0 |       0 |      24 |   0.0 |  1844
           D:2 |       0 |     104 |   0.0 |       0 |      23 |   0.0 |  2050
           D:3 |       0 |      76 |   0.0 |       0 |      27 |   0.0 |  1087
           D:4 |       0 |      36 |   0.0 |       0 |       1 |   0.0 |   772
               +---------+---------+-------+---------+---------+-------+---------
